Cogmind - Beta 13 @@@ ROGUE MODE // 2024.04.04 @ 14:23:00 Player: 81fm Result: Self-destructed Performance ------------- Evolutions (1) 500 Regions Visited (3) 600 Robots Destroyed (6) 30 Value Destroyed (166) 166 Prototype IDs (0) 0 Alien Tech Used (0) 0 Bonus (0) 0 TOTAL SCORE: 1296 Bonus ------- None Cogmind --------- Core Integrity 339/400 Matter 191/300 Energy 250/250 System Corruption 0% Temperature Cool (51) Movement Rolling (95) Ox1 Location -9/Materials Parts ------- > --- POWER (1) -------- Ion Engine > --- PROPULSION (2) --- Wheel > --- UTILITY (4) ------ Small Storage Unit > --- WEAPON (2) ------- Medium Laser > --- INVENTORY (8) ---- Wheel Assault Rifle Peak State ------------ > --- POWER ------------ Ion Engine > --- PROPULSION ------- Wheel Wheel > --- UTILITY ---------- Small Storage Unit Tractor Beam > --- WEAPON ----------- Medium Laser Grenade Launcher > --- INVENTORY -------- Wheel Assault Rifle [Rating: 7] Favorites ----------- Power Ion Engine Engine Ion Engine Propulsion Wheel Wheel Wheel Utility Small Storage Unit Device Tractor Beam Storage Small Storage Unit Weapon Medium Laser Energy Gun Medium Laser Ballistic Gun Assault Rifle Launcher Grenade Launcher Build | -11 -10 -10 -9 ------- Run | Yrd Mat Min Mat Slots Evolved 2 | . . . 2 Power . | . . . . Propulsion . | . . . . Utility 2 | . . . 2 Weapon . | . . . . Parts Attached 10 | 6 3 . 1 Power 2 | 1 1 . . Engine 2 | 1 1 . . Core . | . . . . Reactor . | . . . . Propulsion 2 | 2 . . . Treads . | . . . . Leg . | . . . . Wheel 2 | 2 . . . Hover . | . . . . Flight . | . . . . Utility 2 | 1 . . 1 Device 1 | . . . 1 Storage 1 | 1 . . . Processor . | . . . . Hackware . | . . . . Protection . | . . . . Artifact . | . . . . Weapon 4 | 2 2 . . Energy Gun 1 | 1 . . . Energy Cannon . | . . . . Ballistic Gun 1 | 1 . . . Ballistic Cannon . | . . . . Launcher 2 | . 2 . . Special Weapon . | . . . . Impact Weapon . | . . . . Slashing Weapon . | . . . . Piercing Weapon . | . . . . Special Melee Weapon . | . . . . Unidentified Prototypes . | . . . . Parts Lost 3 | . . . 3 Power . | . . . . Propulsion 1 | . . . 1 Utility 1 | . . . 1 Weapon 1 | . . . 1 Highest Loss Streak 3 | . . . 3 To Critical Strikes . | . . . . Average Slot Usage (%) 81 | . 85 85 72 Engine 13 | . 14 14 11 Wheel 26 | . 28 28 22 Device 2 | . . . 6 Storage 13 | . 14 14 11 Energy Gun 13 | . 14 14 11 Ballistic Gun 2 | . 7 . . Launcher 10 | . 7 14 11 Naked Turns . | . . . . Heaviest Build 16 | 14 15 15 16 Greatest Support 20 | 20 20 20 20 Greatest Overweight (x) 2 | 2 . . . Average Overweight (x) . | . . . . Largest Inventory Capacity 8 | 8 8 8 8 Average Capacity 7 | 6 8 8 8 Most Carried 4 | 2 4 2 3 Average Carried 1 | . . 2 2 Final Capacity 8 | 8 8 8 8 Final Carried 2 | . 2 2 2 Class Distribution -------------------- 100% | Mutant Dominant Class ---------------- Mutant | -10/Materials Mutant | -10/Mines Mutant | -9/Materials Resources | -11 -10 -10 -9 ----------- Run | Yrd Mat Min Mat Matter Collected 265 | 179 21 11 54 Remotely 54 | . . . 54 Salvage Created 100 | . 21 20 59 Parts 6 | . 3 1 2 Haulers Intercepted . | . . . . Recyclers Shooed . | . . . . Parts Field Recycled . | . . . . Retrieved Matter . | . . . . Parts Self-Destructed . | . . . . Prevented . | . . . . Kills | -11 -10 -10 -9 ------- Run | Yrd Mat Min Mat Combat Hostiles Destroyed 5 | . . 3 2 Guns 1 | . . . 1 AOE 4 | . . 3 1 Classes Destroyed 3 | . 1 1 1 Watcher 1 | . 1 . . Swarmer 3 | . . 3 . Sentry 2 | . . . 2 Best Kill Streak 3 | . 1 3 1 Combat Bots Only 3 | . . 3 1 Max Kills in Single Turn 3 | . 1 3 1 Gunslinging . | . . . . Exploded 3 | . . 3 1 Melee . | . . . . Uniques/NPCs Destroyed . | . . . . Combat | -11 -10 -10 -9 -------- Run | Yrd Mat Min Mat Hostile Shots Fired 14 | . . . 14 Missed 6 | . . . 6 Damage Taken 324 | . . 46 278 Core 93 | . . 32 61 Absorbed by Shields . | . . . . Core Remaining (%) 93 | 100 . 87 . Volleys Fired 11 | . 3 1 7 Largest 2 | . 2 2 2 Hottest 80 | . 70 80 80 Shots Fired 22 | . 6 2 14 Gun 14 | . 6 1 7 Cannon . | . . . . Launcher 8 | . . 1 7 Special . | . . . . Kinetic 3 | . 3 . . Thermal 11 | . 3 1 7 Explosive 8 | . . 1 7 Electromagnetic . | . . . . Robot Hit Streak 3 | . 2 1 3 Robot Miss Streak 2 | . 2 1 2 Penetration Max . | . . . . Secondary Targets . | . . . . Shots Hit Robots 11 | . 3 1 7 Core Hits 10 | . 2 2 6 Critical Kills . | . . . . Critical Parts Destroyed . | . . . . Critical Strikes . | . . . . Melee Attacks . | . . . . Impact . | . . . . Slashing . | . . . . Piercing . | . . . . Sneak Attacks . | . . . . Combat Hostiles . | . . . . Follow-up Attacks . | . . . . Damage Inflicted 326 | . 35 159 132 Guns 72 | . 35 . 37 Cannons . | . . . . Explosions 254 | . . 159 95 Melee . | . . . . Ramming . | . . . . Kinetic 23 | . 23 . . Thermal 106 | . 12 57 37 Explosive 197 | . . 102 95 Electromagnetic . | . . . . Impact . | . . . . Slashing . | . . . . Piercing . | . . . . Highest Corruption . | . . . . Average Corruption . | . . . . Corruption Purged . | . . . . Corruption Blocked . | . . . . Overload Shots . | . . . . Overflow Damage 83 | . . 17 66 Projectiles . | . . . . Explosions 83 | . . 17 66 Melee . | . . . . Knockbacks . | . . . . Impact . | . . . . Kinetic . | . . . . Secondary . | . . . . Self-Inflicted Damage 218 | . . 48 170 Shots 7 | . . 2 5 Rammed . | . . . . Targets Rammed . | . . . . Kicked . | . . . . Crushed . | . . . . Highest Temperature 72 | . 27 30 72 Average Temperature 26 | . 14 20 32 Received Heat Transfer 36 | . . . 36 Siege Activations . | . . . . Robots Corrupted . | . . . . Combat Hostiles . | . . . . Parts Fried . | . . . . Impact Corruptions . | . . . . Robots Melted . | . . . . Combat Hostiles . | . . . . Parts Melted . | . . . . Heat Transferred 198 | . 37 50 111 Parts Sabotaged . | . . . . Parts Stolen . | . . . . Parts Stripped . | . . . . Power Chain Reactions . | . . . . Alert | -11 -10 -10 -9 ------- Run | Yrd Mat Min Mat Peak Influence 173 | . 22 103 173 Initial 39 | . . 8 39 Average 52 | . 17 102 63 Maximum Alert Level . | . . . . Low Security (%) 100 | 100 100 100 100 Level 1 . | . . . . Level 2 . | . . . . Level 3 . | . . . . Level 4 . | . . . . Level 5 . | . . . . High Security . | . . . . Max Security . | . . . . Squads Dispatched 2 | . 2 . . Investigation 1 | . 1 . . Extermination . | . . . . Reinforcement 1 | . 1 . . Assault . | . . . . Garrison . | . . . . Intercept . | . . . . Searches Triggered . | . . . . Construction Impeded . | . . . . Haulers Reinforced . | . . . . Active Scanning Responses . | . . . . Cargo Convoy Interrupts . | . . . . Stealth | -11 -10 -10 -9 --------- Run | Yrd Mat Min Mat Distress Signals . | . . . . Communications Jammed . | . . . . Distress Signals . | . . . . Times Spotted 7 | . 2 3 2 Peak Tracking Total 3 | . 2 3 1 Tactical Retreats . | . . . . Traps | -11 -10 -10 -9 ------- Run | Yrd Mat Min Mat Traps Triggered 1 | . 1 . . Indirectly . | . . . . Trap Hack Attempts . | . . . . Triggered . | . . . . Disarmed . | . . . . Reprogrammed . | . . . . Reused . | . . . . Traps Extracted . | . . . . Installed . | . . . . Triggered . | . . . . Machines | -11 -10 -10 -9 ---------- Run | Yrd Mat Min Mat Machines Disabled 3 | . . 1 2 Max in Single Turn 2 | . . 1 2 Machines Repaired . | . . . . Machines Dismantled . | . . . . Machines Sabotaged . | . . . . Overloaded Fab Kills . | . . . . Hacking | -11 -10 -10 -9 --------- Run | Yrd Mat Min Mat Machines Accessed 1 | . 1 . . Terminals 1 | . 1 . . Fabricators . | . . . . Repair Stations . | . . . . Recycling Units . | . . . . Scanalyzers . | . . . . Garrison Access . | . . . . Total Hacks 3 | . 3 . . Successful . | . . . . Failed 3 | . 3 . . Catastrophic . | . . . . Database Lockouts . | . . . . Manual . | . . . . Terminals 3 | . 3 . . Fabricators . | . . . . Repair Stations . | . . . . Recycling Units . | . . . . Scanalyzers . | . . . . Garrison Access . | . . . . Terminal Hacks . | . . . . Fabricator Hacks . | . . . . Repair Station Hacks . | . . . . Recycling Unit Hacks . | . . . . Scanalyzer . | . . . . Garrison Access Hacks . | . . . . Unauthorized Hacks . | . . . . Terminals . | . . . . Fabricators . | . . . . Repair Stations . | . . . . Recycling Units . | . . . . Scanalyzers . | . . . . Garrison Access . | . . . . Data Cores Recovered . | . . . . Used . | . . . . Hacking Detections 1 | . 1 . . Full Trace Events 1 | . 1 . . Feedback Events . | . . . . Feedback Blocked . | . . . . Robot Schematics Acquired . | . . . . Robots Built . | . . . . Authchips . | . . . . Time . | . . . . Total Robot Build Rating . | . . . . Part Schematics Acquired . | . . . . Parts Built . | . . . . Authchips . | . . . . Time . | . . . . Total Part Build Rating . | . . . . Parts Repaired . | . . . . Time . | . . . . Parts Recycled . | . . . . Recycled Matter . | . . . . Retrieved Matter . | . . . . Retrieved Components . | . . . . Parts Scanalyzed . | . . . . Part Schematics Acquired . | . . . . Parts Damaged . | . . . . Bothacking | -11 -10 -10 -9 ------------ Run | Yrd Mat Min Mat Used RIF Installer . | . . . . Robots Hacked . | . . . . Non-combat . | . . . . Combat . | . . . . Robot Hacks Applied . | . . . . Relay Couplers Released . | . . . . Fabnet Peak Effective % . | . . . . Robots Rewired . | . . . . Allies Hacked . | . . . . Hacks Repelled . | . . . . Allies | -11 -10 -10 -9 -------- Run | Yrd Mat Min Mat Total Allies . | . . . . Largest Group . | . . . . Highest-Rated Group . | . . . . Highest-Rated Ally . | . . . . Total Orders . | . . . . Ally Attacks . | . . . . Total Damage . | . . . . Kills . | . . . . Allies Corrupted . | . . . . Allies Melted . | . . . . Intel | -11 -10 -10 -9 ------- Run | Yrd Mat Min Mat Robot Analysis Total . | . . . . Derelict Logs Recovered 1 | . . 1 . Drone Launches . | . . . . Drone Recoveries . | . . . . Exploration | -11 -10 -10 -9 ------------- Run | Yrd Mat Min Mat Turns Passed 317 | 40 99 95 83 Spaces Moved 326 | 39 104 109 74 Core 19 | 19 . . . Treads . | . . . . Legs . | . . . . Wheels 307 | 20 104 109 74 Hover . | . . . . Flight . | . . . . Fastest Speed 50 | 50 80 80 80 Average Speed 79 | 71 80 80 80 Slowest Speed 150 | 150 80 80 80 Overloaded Moves . | . . . . Propulsion Burnouts . | . . . . Robots Hopped . | . . . . Cave-ins Triggered . | . . . . Exploration Rate (%) 18 | 4 30 29 9 Regions Visited 3 Branch Regions 1 Pre-discovered Areas 1 | . . 1 . Known Exits Taken . | . . . . Unknown Exits Taken 3 | 1 1 1 . Scrap Searched . | . . . . Spaces Dug . | . . . . Terrain Destroyed 95 | . . 12 83 Melee . | . . . . Projectile . | . . . . AOE 95 | . . 12 83 Terrain Rammed . | . . . . Walls Destroyed . | . . . . Machines Disabled . | . . . . Actions | -11 -10 -10 -9 --------- Run | Yrd Mat Min Mat Total 360 | 50 113 114 83 Wait 5 | . . 5 . Move 323 | 38 103 108 74 Hop . | . . . . Pick Up 11 | 6 4 . 1 Fast Attach . | . . . . Attach 9 | 6 2 . 1 Detach . | . . . . Swap 1 | . 1 . . Drop . | . . . . Fire 11 | . 3 1 7 Melee . | . . . . Ram . | . . . . Kick . | . . . . Crush . | . . . . Escape Stasis . | . . . . Rewire . | . . . . Trap . | . . . . Miscellaneous . | . . . . Route ------- -11/Scrapyard -10/Materials -10/Mines -9/Materials History --------- Turn | Location | Event 8 | -11/Scrapyard | Discovered new exit (range 16) 41 | -11/Scrapyard | Entered Materials 109 | -10/Materials | Discovered new exit (range 16) 140 | -10/Materials | Entered Mines 207 | -10/Mines | Learned location of Zion (-6) 230 | -10/Mines | Discovered new exit (range 4) 235 | -10/Mines | Entered Materials 235 | -9/Materials | Evolved 2 slots: Utility x2 308 | -9/Materials | Build established: Mutant 318 | -9/Materials | Self-destructed Last Messages --------------- LOCATION=UNKNOWN GOAL=ESCAPE 00267_ Acquired Tractor Beam. 00279_ Connecting with Terminal... 00279_ Current location identified: Materials 00291_ Y-45 Defender destroyed. 00293_ U-05 Engineer lays Concrete. 00296_ Acquired 27 matter. 00296_ U-05 Engineer lays Concrete. 00299_ The unstable cave ceiling collapses. 00299_ U-05 Engineer lays Concrete. 00315_ Y-45 Defender destroyed. 00316_ Acquired 27 matter. 00317_ Fusion Modulator explodes. 00317_ Wheel destroyed. 00317_ Destroyed Wheel. 00317_ Grenade Launcher destroyed. 00317_ Destroyed Grenade Launcher. 00317_ Tractor Beam destroyed. 00317_ Destroyed Tractor Beam. Map ----- +----------------------------------------------------+ | ?????????????????????????????????????????????????? | | ?????????????????????????????????????????????????? | | ?????????????????????????????????????????????????? | | ?????????????????????????????????????????????????? | | ?????????????????????????????????????????????????? | | ?????????????????????????????????????????????????? | | ?????????????????????????????????????????????????? | | ?????????????????????????????????????????????????? | | ?????????????????????????????????????????????????? | | ?????????????????????????????????????????????????? | | ?????????????????????????????????????????????????? | | ???????################??????????????????????????? | | ???????# !== #??????????????????????????? | | ???????# = """ #??????????????????????????? | | ???????# = """ #??????????????????????????? | | ???????# """ #??????????????????????????? | | ???????## #??????????????????????????? | | ???????## #??????????????????????????? | | ????????## #??????????????????????????? | | ?????????### #??????????????????????????? | | ??????????#######+##################?????????????? | | ???######## #?????????????? | | ???# # #?????????????? | | ???# """ # #?????????????? | | ???# """ + ####T ;;;#### #?????????????? | | ???# """ # #??# [ @ T #??????????????????? | | ???# """ # #??# #??????????????????? | | ???# # #??# #??????????????????? | | ???######## #??# ;#?????????????????? | | ??????????# #??## ;#?????????????????? | | ??????????# #???# ;#?????????????????? | | ??????????# #???## ;#?????????????????? | | ??????????# #????# ;#?????????????????? | | ??????????# #????## ##?????????????????? | | ???######## #######;;;;;;;;;#??????????????????? | | ???# =# # ### ####??????????????????? | | ???# # # """ #?#####?????????????????????? | | ???# # # "Y" #???????????????????????????? | | ???# """ + + #???????????????????????????? | | ???# """ # # #???????????????????????????? | | ???# """ # # #???????????????????????????? | | ???######## ########???????????????????????????? | | ??????# #??????????????????????????????????? | | ??????# #??????????????????????????????????? | | ??????# #??????????????????????????????????? | | ??????#########??????????????????????????????????? | | ?????????????????????????????????????????????????? | | ?????????????????????????????????????????????????? | | ?????????????????????????????????????????????????? | | ?????????????????????????????????????????????????? | +----------------------------------------------------+ Best States ------------- Heat Dissipation 28 Energy Generation 10 Energy Capacity 250 Matter Stores 231 Matter Capacity 300 Sight Range 16 Terrain Scan Density 10 Evasion (%) 50 Item Schematics ----------------- None Robot Schematics ------------------ None Fabricated ------------ Nothing Alien Tech Used ----------------- None Achievements -------------- None Challenges ------------ None Game ------ Seed IonicShadeGreatsword Manual? 0 Play Time 00:04:40 Cumulative 9.5 hours Start 2024.04.04 @ 14:19:22 End 2024.04.04 @ 14:23:00 Sessions 1 Manual Loads 0 Difficulty Rogue Special Mode None Game No. 21 Rogue 16 Adventurer 0 Explorer 5 Win Type - Total 0 Types 0/0/0/0/0/0/0/0/0 Lore% 8 Gallery% 22 Achievement% 19 Wizard Run 0 Options --------- Layout 0 ASCII 0 Keyboard 0 Movement Mouse Keybinds 0 Fullscreen 1 Font 12/Smallcaps Map View 83x54 Zoom Use 0% Tactical HUD 1 Map Filters NONE Filters NONE Steam 1 RUN: 09ef6773-fb36-4d93-87ec-8724e826afe1